 Dungeon Crawl Stone Soup version 0.22.1-1-ga44c0e5 (webtiles) character file.

236 Cancer the Skirmisher (level 5, 0/72 HPs)
             Began as a Minotaur Berserker on Sept 25, 2018.
             Was a Believer of Trog.
             Slain by a killer bee (3 damage)
             ... on level 3 of the Dungeon.
             The game lasted 00:09:27 (2094 turns).

Cancer the Skirmisher (Minotaur Berserker)          Turns: 2094, Time: 00:09:28

Health: 0/72       AC:  8    Str: 28    XL:     5   Next: 77%
Magic:  4/4        EV: 11    Int:  4    God:    Trog [**....]
Gold:   94         SH:  0    Dex:  9    Spells: 4/4 levels left

rFire    . . .     SeeInvis +   a - +0 hand axe
rCold    . . .     Gourm    .   (no shield)
rNeg     . . .     Faith    .   s - +0 scale mail
rPois    .         Spirit   .   (helmet restricted)
rElec    .         Reflect  .   q - +0 cloak (curse)
rCorr    .         Harm     .   (no gloves)
MR       .....                  (no boots)
Stlth    ..........             (no amulet)
HPRegen  0.22/turn              e - ring of see invisible
MPRegen  0.09/turn              (no ring)

@: berserking, lethally poisoned (0 -> -2), very quick
A: retaliatory headbutt, horns 2
a: Berserk, Trog's Hand, Renounce Religion


You were on level 3 of the Dungeon.
You worshipped Trog.
Trog was pleased with you.
You were hungry.

You visited 1 branch of the dungeon, and saw 3 of its levels.

You collected 94 gold pieces.

Inventory:

Hand Weapons
 a - a +0 hand axe (weapon)
 g - a +0 spear
Armour
 q - a cursed +0 cloak (worn)
 s - a +0 scale mail (worn)
Jewellery
 e - a ring of see invisible (left hand)
Scrolls
 b - a scroll of teleportation {unknown}
 f - a scroll of remove curse {unknown}
 h - a scroll of fog {unknown}
 j - 2 scrolls of identify {unknown}
 m - a scroll of magic mapping {unknown}
 o - a scroll of enchant armour {unknown}
 p - a scroll of enchant weapon {unknown}
Potions
 d - a potion of curing
 i - a potion of flight {unknown}
 k - a potion of mutation {unknown}
 n - 2 potions of agility {unknown}
Comestibles
 c - 5 rations
 l - 10 chunks of flesh


   Skills:
 + Level 5.0 Fighting
 + Level 5.0 Axes
 + Level 4.2 Armour
 + Level 3.8 Dodging


You had 4 spell levels left.
You didn't know any spells.
Your spell library was empty.

Dungeon Overview and Level Annotations

Branches:
Dungeon (3/15)

Altars:
Ashenzari


Innate Abilities, Weirdness & Mutations

You reflexively headbutt those who attack you in melee.
You have a pair of horns on your head.


Message History

You barely miss the giant cockroach. You closely miss the killer bee.
You feel sick. The killer bee stings you.
* * * LOW HITPOINT WARNING * * *
The giant cockroach closely misses you. The killer bee stings you.
* * * LOW HITPOINT WARNING * * *
The killer bee closely misses you. You furiously retaliate!
You headbutt the killer bee!!
You kill the killer bee!
Trog accepts your kill.
Your Fighting skill increases to level 5!
Your Axes skill increases to level 5!
You miss the killer bee. You hit the giant cockroach.
You kill the giant cockroach!
Trog accepts your kill.
The killer bee stings you but does no damage.
You miss the killer bee. Your headbutt misses the killer bee.
* * * LOW HITPOINT WARNING * * *
You feel sick. The killer bee completely misses you. You furiously retaliate!
You headbutt the killer bee! The killer bee stings you.
You die...

##. ## ###.# . #.#.#
#.#.#.# # .#
###.#.#.#####.### ...
.................
##.#.###.#.#.#.#........
...............†@..#
.#.#.###.#.#.#.#y#...#
.#.#.# #.#.#.#.#y# .....
.#.#.# #.#.#.#.#.# ....
...#.# #.#.#.#.#.# ###
.#.#.###.#.#.#.#.#
.#.......#.#.#.#.#
.#.#.......#.#.#.#
.#.#.......#)#.#


You could see 2 killer bees.

Vanquished Creatures
  2 killer bees (D:3)
  An orc wizard (D:3)
  3 gnolls (D:2)
  3 adders
  2 oozes
  2 dart slugs (D:2)
  A leopard gecko (D:1)
  4 orcs (D:3)
  4 bats
  5 giant cockroaches
  5 goblins
  5 hobgoblins
  3 jackals (D:2)
  9 kobolds
  5 frilled lizards
  3 rats
57 creatures vanquished.

Notes
Turn   | Place    | Note
-------+----------+-------------------------------------------
     0 | D:1      | Cancer the Minotaur Berserker began the quest for the Orb.
     0 | D:1      | Reached XP level 1. HP: 19/19 MP: 0/0
   491 | D:1      | Reached XP level 2. HP: 27/27 MP: 1/1
   505 | D:1      | Found a shattered altar of Ashenzari.
  1075 | D:1      | Reached ** piety under Trog
  1139 | D:2      | Reached XP level 3. HP: 33/33 MP: 2/2
  1472 | D:2      | Reached XP level 4. HP: 35/41 MP: 3/3
  1954 | D:3      | Reached XP level 5. HP: 10/47 MP: 4/4
  2092 | D:3      | Reached skill level 5 in Fighting
  2092 | D:3      | Reached skill level 5 in Axes
  2094 | D:3      | HP: 3/72 [poisoned by a killer bee]
  2094 | D:3      | Slain by a killer bee

Skill      XL: |  1  2  3  4  5 |
---------------+----------------+-----
Fighting       | 4 5 |  5.0
Axes           | 4 5 |  5.0
Armour         | 3 4 |  4.2
Dodging        | 3 |  3.8

Action                   |  1- 3 |  4- 6 || total
-------------------------+-------+-------++-------
Melee: Hand axe          |    73 |    56 ||   129
       Headbutt          |    10 |     6 ||    16
Invok: Berserk           |     1 |     2 ||     3
  Eat: Chunk             |     3 |     3 ||     6
Armor: Animal skin       |     8 |     8 ||    16
       Scale mail        |       |     4 ||     4
Dodge: Dodged            |    38 |    51 ||    89
